 Dungeon Crawl Stone Soup version 0.27-a0-1116-g91b3acb402 (webtiles) character file.

Game seed: 7884911742634027192

3298 leviel the Cleaver (level 9, -1/78 HPs)
             Began as a Minotaur Fighter on May 2, 2021.
             Was a Believer of Okawaru.
             Slain by an orc warrior (4 damage)
             ... in a bailey.
             The game lasted 00:10:22 (7880 turns).

leviel the Cleaver (Minotaur Fighter)               Turns: 7880, Time: 00:10:24

Health: -1/78      AC: 14    Str: 23    XL:     9   Next: 70%
Magic:  8/8        EV: 10    Int:  5    God:    Okawaru [**....]
Gold:   334        SH: 16    Dex: 11    Spells: 8/8 levels left

rFire    . . .     SeeInvis .   a - +1 war axe
rCold    . . .     Faith    .   p - +0 kite shield {AC+3}
rNeg     + . .     Spirit   .   b - +0 scale mail
rPois    .         Reflect  +   (helmet restricted)
rElec    .         Harm     .   k - +0 cloak
rCorr    .         Rampage  .   l - +0 pair of gloves
Will     .....                  o - +0 pair of boots
Stlth    ..........             r - amulet of reflection
HPRegen  0.23/turn              g - ring of positive energy
MPRegen  0.11/turn              (no ring)

@: no status effects
A: horns 2, retaliatory headbutt
a: Renounce Religion, Heroism


You were in a bailey.
You worshipped Okawaru.
Okawaru was pleased with you.
You visited 2 branches of the dungeon, and saw 9 of its levels.
You also visited: Bailey.

You collected 334 gold pieces.

Inventory:

Hand Weapons
 a - a +1 war axe (weapon)
Missiles
 e - 7 javelins (quivered)
 s - 16 poisoned darts
Armour
 b - a +0 scale mail (worn)
 k - a +0 cloak (worn)
 l - a +0 pair of gloves (worn)
 o - a +0 pair of boots (worn)
 p - a +0 kite shield of protection (worn)
Jewellery
 g - a ring of positive energy (left hand)
 r - an amulet of reflection (around neck)
 v - a ring of flight
 w - a ring of magical power
Wands
 x - a wand of flame (9)
Scrolls
 h - 5 scrolls of teleportation
 m - a scroll of blinking
 n - a scroll of enchant armour {unknown}
Potions
 c - a potion of resistance {unknown}
 d - a potion of haste {unknown}
 f - a potion of mutation
 i - 3 potions of lignification
 j - a potion of magic
 z - a potion of degeneration


   Skills:
 + Level 6.9 Fighting
 * Level 11.2 Axes
 + Level 7.3 Armour
 + Level 3.9 Dodging
 + Level 8.1 Shields


You had 8 spell levels left.
You didn't know any spells.
Your spell library contained the following spells:

 Spells                   Type           Power      Damage    Failure   Level
 Animate Skeleton         Necr           0%         N/A       96%         1
 Apportation              Tloc           0%         N/A       96%         1
 Corona                   Hex            0%         N/A       96%         1
 Magic Dart               Conj           0%         1d3       96%         1
 Sting                    Tmut/Pois      0%         1d3       96%         1
 Summon Small Mammal      Summ           0%         N/A       96%         1
 Blink                    Tloc           N/A        N/A       99%         2
 Call Imp                 Summ           0%         N/A       99%         2
 Poisonous Vapours        Pois/Air       0%         N/A       99%         2
 Slow                     Hex            0%         N/A       99%         2
 Call Canine Familiar     Summ           0%         N/A       100%        3
 Conjure Flame            Conj/Fire      0%         6-21      100%        3
 Ignite Poison            Fire/Tmut/Pois 0%         N/A       100%        3
 Mephitic Cloud           Conj/Pois/Air  0%         N/A       100%        3
 Summon Guardian Golem    Hex/Summ       0%         N/A       100%        3
 Olgreb's Toxic Radiance  Pois           0%         N/A       100%        4
 Summon Ice Beast         Ice/Summ       0%         N/A       100%        4
 Summon Lightning Spire   Summ/Air       0%         N/A       100%        4


Dungeon Overview and Level Annotations

Branches:
Dungeon (8/15)             Temple (1/1) D:6          Bailey (1/1)
   Lair: D:8-11

Altars:
Ashenzari
Cheibriados
Dithmenos
Elyvilon
Fedhas
Gozag
Hepliaklqana
Kikubaaqudgha
Makhleb
Okawaru
Qazlal
Ru
Trog
Uskayaw
Wu Jian
Zin
The Shining One

Annotations:
D:6 1 runed translucent door, Nolbo's ghost, novice OpTm
D:7 Harold


Innate Abilities, Weirdness & Mutations

You have a pair of horns on your head.
You reflexively headbutt those who attack you in melee.


Message History

You closely miss the orc.
The orc is heavily wounded.
The orc hits you but does no damage.
You slash the orc warrior!
The orc warrior is moderately wounded.
You hit the orc but do no damage.
The orc splashes around in the water.
You barely miss the orc warrior.
The orc warrior is moderately wounded.
You hit the orc.
The orc warrior unwields a +0 arbalest.
You block the orc warrior's attack. The orc hits you but does no damage.
You closely miss the orc warrior.
The orc warrior is moderately wounded.
You slash the orc!
You kill the orc!
Okawaru accepts your kill.
You hear a splash. x3
You block the orc warrior's attack.
You closely miss the orc warrior. Your headbutt misses the orc warrior.
The orc warrior is moderately wounded.
You block the orc warrior's attack.
You closely miss the orc warrior. Your headbutt misses the orc warrior.
The orc warrior is moderately wounded.
The orc warrior hits you but does no damage.
You closely miss the orc warrior.
The orc warrior is moderately wounded.
The orc warrior hits you.
* * * LOW HITPOINT WARNING * * *
You hit the orc warrior. Your headbutt misses the orc warrior.
The orc warrior is moderately wounded.
The orc warrior barely misses you.
You slash the orc warrior!
The orc warrior is almost dead.
The orc warrior splashes around in the water.
You closely miss the orc warrior.
You headbutt the orc warrior, but do no damage.
The orc warrior is almost dead.
The orc warrior hits you!
* * * LOW HITPOINT WARNING * * *
The orc warrior hits you.
You die...

### ####≈≈≈≈≈≈ ≈≈≈≈###≈≈≈≈≈≈≈≈#
≈≈≈≈≈≈≈≈≈≈≈≈≈≈≈#∩ o .
≈≈≈≈≈≈≈≈≈≈≈≈≈≈≈≈..
##.##≈≈≈≈≈≈≈≈≈≈≈≈≈≈≈≈≈##
≈#)#≈≈≈≈≈≈≈≈≈≈≈≈≈≈≈≈≈≈≈#o#≈≈...
≈≈≈≈≈≈≈≈≈≈≈≈≈≈≈≈o)≈≈≈≈≈≈≈≈≈≈...
................@..............
...............................
...............................
...............................
...............................
...............................
###############################


You could see an orc warrior.

Vanquished Creatures
  Pikel (D:7)
  Prince Ribbit (D:7)
  Eustachio (D:5)
  A steam dragon (D:7)
  Menkaure (D:7)
  Duvessa (D:4)
  2 water moccasins
  A black bear (D:5)
  3 orc warriors (Bailey)
  2 ogres (D:5)
  A phantom (D:4)
  A gnoll sergeant (D:5)
  2 scorpions
  Dowan (D:4)
  3 wights (D:7)
  2 howler monkeys (D:5)
  A bullfrog zombie (D:5)
  A centaur zombie (D:8)
  6 hounds
  3 centaur skeletons
  Terence (D:2)
  An orc priest (D:6)
  Jessica (D:2)
  5 iguanas
  An orc wizard (D:4)
  A killer bee zombie (D:6)
  3 hound skeletons
  10 gnolls
  3 adders
  A white imp (D:5)
  2 ufetubi
  2 adder skeletons (D:5)
  3 worms
  4 dart slugs
  16 orcs
  7 bats
  6 endoplasms
  3 giant cockroaches
  5 goblins
  11 hobgoblins
  9 jackals
  4 kobolds
  5 quokkas
  5 ball pythons
  4 frilled lizards
  9 rats
157 creatures vanquished.

Notes
Turn   | Place    | Note
-------+----------+-------------------------------------------
     0 | D:1      | leviel the Minotaur Fighter began the quest for the Orb.
     0 | D:1      | Reached XP level 1. HP: 19/19 MP: 0/0
   182 | D:1      | Reached XP level 2. HP: 27/27 MP: 1/1
   262 | D:1      | Found a faded altar of an unknown god.
   570 | D:1      | Reached XP level 3. HP: 33/33 MP: 2/2
   993 | D:2      | Noticed Jessica
   995 | D:2      | Killed Jessica
   996 | D:2      | Reached skill level 3 in Axes
   996 | D:2      | Reached XP level 4. HP: 40/40 MP: 3/3
  1326 | D:2      | Noticed Terence
  1332 | D:2      | Killed Terence
  1835 | D:3      | Reached skill level 4 in Axes
  1835 | D:3      | Reached XP level 5. HP: 35/47 MP: 4/4
  1844 | D:3      | Reached skill level 1 in Dodging
  1850 | D:3      | Reached skill level 5 in Shields
  2616 | D:4      | Reached XP level 6. HP: 21/53 MP: 5/5
  3141 | D:4      | Noticed Dowan
  3143 | D:4      | Noticed Duvessa
  3147 | D:4      | Reached skill level 5 in Axes
  3147 | D:4      | Reached skill level 5 in Armour
  3155 | D:4      | Killed Duvessa
  3158 | D:4      | Killed Dowan
  3159 | D:4      | Reached skill level 5 in Fighting
  3159 | D:4      | Reached XP level 7. HP: 25/61 MP: 6/6
  3437 | D:4      | Reached skill level 6 in Axes
  3922 | D:5      | Entered Level 5 of the Dungeon
  3989 | D:5      | Noticed Eustachio
  4077 | D:5      | Killed Eustachio
  4385 | D:5      | Reached skill level 7 in Axes
  4385 | D:5      | Reached XP level 8. HP: 58/69 MP: 7/7
  4791 | D:5      | Reached skill level 8 in Axes
  5404 | D:6      | Found a staircase to the Ecumenical Temple.
  5485 | D:6      | Found a shadowy altar of Dithmenos.
  5518 | Temple   | Entered the Ecumenical Temple
  5690 | Temple   | Became a worshipper of Warmaster Okawaru
  5730 | D:6      | Reached skill level 9 in Axes
  6500 | D:6      | Found a runed translucent door.
  6500 | D:6      | Noticed Nolbo's ghost (novice OpTm)
  6500 | D:6      | Noticed a four-headed hydra
  6568 | D:7      | Noticed Menkaure
  6587 | D:7      | Killed Menkaure
  6588 | D:7      | Reached XP level 9. HP: 25/75 MP: 8/8
  6874 | D:7      | Noticed Prince Ribbit
  6884 | D:7      | Killed Prince Ribbit
  6884 | D:7      | Reached * piety under Okawaru
  6885 | D:7      | Reached skill level 10 in Axes
  6986 | D:7      | Noticed Pikel
  6994 | D:7      | Killed Pikel
  7263 | D:7      | Reached skill level 11 in Axes
  7457 | D:7      | Noticed Harold
  7705 | D:8      | Found a flagged portal.
  7720 | Bailey   | Entered a bailey
  7770 | Bailey   | Reached ** piety under Okawaru
  7880 | Bailey   | HP: 3/78 [orc warrior (11)]
  7880 | Bailey   | Slain by an orc warrior

Illustrated notes

Levels and vault maps discovered:
D:1:      sevenhm_arrival_forest_fort_large_4, layout_loops_ring,
          hellmonk_ecumenical_altar_dog_temple
D:2:      layout_basic, uniq_jessica, uniq_terence
D:3:      layout_rooms, supply_closet_lemuel, roderic_roman_lattice,
          cheibrodos_gnoll_hut
D:4:      layout_loops_cross, uniq_duvessa
D:5:      minmay_recursive_quarters, layout_gridville, nicolae_sextant,
          uniq_eustachio
D:6:      layout_basic, nicolae_overflow_crystal_walls,
          minmay_temple_entry_purple_smoke, ebering_ghost_inner_flame
D:7:      layout_loops_cross, chequers_avenue, uniq_menkaure, uniq_pikel,
          uniq_prince_ribbit1, uniq_harold
D:8:      layout_loops_ring, enter_bailey_5, serial_co_window_serial,
          co_window_corner_a, co_window_paths_b, co_window_of_opportunity_a,
          co_window_paths_b, co_window_paths_b, co_window_of_opportunity_a,
          co_window_of_opportunity_a, co_window_paths_c, co_window_2corner,
          co_window_cross_2, co_window_4corner_a, minmay_misc_feat_room,
          uniq_maurice
Temple:   eino_temple_scatter_basement
Bailey:   bailey_polearm_2, bailey

Skill      XL: |  1  2  3  4  5  6  7  8  9 |
---------------+----------------------------+-----
Shields        | 4 5 6 7 8 |  8.1
Fighting       | 4 5 6 |  6.9
Armour         | 4 5 6 7 |  7.3
Axes           | 3 4 5 7 9 11 | 11.2
Dodging        | 1 2 3 |  3.9

Action                   |  1- 3 |  4- 6 |  7- 9 || total
-------------------------+-------+-------+-------++-------
Melee: War axe           |    73 |   157 |   266 ||   496
       Headbutt          |     7 |    35 |    45 ||    87
  Use: Scroll            |     1 |     1 |    12 ||    14
       Potion            |       |     1 |     2 ||     3
Armor: Scale mail        |    35 |    59 |   116 ||   210
Dodge: Dodged            |    18 |    53 |   102 ||   173
Block: Kite shield       |    47 |    89 |   206 ||   342
       Reflection        |       |       |    15 ||    15

Table legend: (Time is in decaauts)
 A = Elapsed time spent in this place.
 B = Non-inter-level travel time spent in this place.
 C = Inter-level travel time spent in this place.
 D = Time resting spent in this place.
 E = Time spent auto-exploring this place.
 F = Levels seen in this place.
 G = Mean time per level.
                   A        B        C        D        E       F      G
               +--------+--------+--------+--------+--------+-----+--------+
         Total |   8073 |   7896 |    177 |   1650 |   4919 |  10 |  807.3 |
       Dungeon |   7725 |   7562 |    163 |   1566 |   4756 |   8 |  965.6 |
        Temple |    187 |    173 |     14 |      0 |    163 |   1 |  187.0 |
        Bailey |    160 |    160 |      0 |     84 |      0 |   1 |  160.0 |
               +--------+--------+--------+--------+--------+-----+--------+

Top non-repeatable levels by time:
     D:5: 1403 daAuts
     D:4: 1363 daAuts
     D:7: 1167 daAuts
     D:6: 1076 daAuts
     D:2: 968 daAuts
     D:1: 904 daAuts
     D:3: 815 daAuts
  Temple: 187 daAuts
  Bailey: 160 daAuts
     D:8: 25 daAuts
